 Dungeon Crawl Stone Soup version 0.32-a0-868-g153ae1a8d6 (webtiles) character file.

Game seed: 3301642732261583764

7 lobsterkj the Grave Robber (level 1, 7/7 HPs)
             Began as a Vampire Necromancer on Mar 28, 2024.
             Quit the game on level 2 of the Dungeon.
             The game lasted 00:02:50 (740 turns).

lobsterkj the Grave Robber (Vampire Necromancer)     Turns: 740, Time: 00:02:50

Health: 7/7        AC:  2    Str:  7    XL:     1   Next: 83%
Magic:  3/3        EV: 11    Int: 17    God:
Gold:   42         SH:  0    Dex: 14    Spells: 3/4 levels left

rFire   . . .        (no weapon)
rCold   + + .        (no shield)
rNeg    + + +        a - +0 robe
rPois   ∞            (no helmet)
rElec   .            (no cloak)
rCorr   .            (no gloves)
SInv    +            (no boots)
Will    .....        (no amulet)
Stlth   ++++         (no ring)
HPRegen 0.00/turn    (no ring)
MPRegen 0.08/turn

%: no passive effects
@: bloodless, inhibited regen
A: bloodless, fangs 3, see invisible, vampiric 1, [frail 2]
a: Revivify


You were on level 2 of the Dungeon.
You visited 1 branch of the dungeon, and saw 2 of its levels.

You collected 42 gold pieces.

Inventory:

Armour
 a - a +0 robe (worn)
Scrolls
 c - a scroll of butterflies {unknown}
 d - 2 scrolls of revelation {unknown}
 e - a scroll of fear {unknown}
 f - a scroll of blinking {unknown}
Potions
 b - a potion of magic


   Skills:
 + Level 2.2 Dodging
 + Level 3.0 Stealth
 + Level 2.1 Spellcasting
 + Level 4.6 Necromancy


You had 3 spell levels left.
You knew the following spells:

 Your Spells              Type           Power      Damage    Failure   Level
a - Necrotise             Necr           68%        1d7       2%          1

Your spell library contained the following spells:

 Spells                   Type           Power      Damage    Failure   Level
 Vampiric Draining        Necr           17%        2d7       9%          3
 Animate Dead             Necr           17%        N/A       28%         4
 Curse of Agony           Necr           17%        N/A       61%         5


Dungeon Overview and Level Annotations

Branches:
Dungeon (2/15)

Altars:


Innate Abilities, Weirdness & Mutations

You do not regenerate when monsters are visible.
You are frail without blood (-20% HP).
You can heal yourself when you bite living creatures.
You are immune to poison.
You have razor-sharp teeth.
You have supernaturally acute eyesight. (SInv)
You are afflicted with vampirism.
[You are very frail. (-20% HP)]


Message History

A frilled lizard comes into view.
Casting: Necrotise (safe; 3% risk of failure)
Confirm with . or Enter, or press ? or * to list all spells.
You can't see any susceptible monsters within range! (Use Z to cast anyway.) Unknown command.
Found 2 scrolls labelled ZOSSAD SUDODA.
Casting: Necrotise (safe; 3% risk of failure)
Confirm with . or Enter, or press ? or * to list all spells.
Aiming: Necrotise (safe; 3% risk of failure)
Press: ? - help, Shift-Dir - straight line, f - frilled lizard
Aim: a frilled lizard (chance to affect: 87%)
The frilled lizard writhes in agony.
You kill the frilled lizard!
The dead are walking!
Unknown command.
d - 2 scrolls labelled ZOSSAD SUDODA
e - a scroll labelled SARCHE TEHIONTERIA You swap places.
Your frilled lizard skeleton crumbles into dust!
You now have 42 gold pieces (gained 11).
You see here a stone.
Done exploring.
Done exploring.
There is a stone staircase leading down here.
You can't go up here!
You climb downwards.
Found a scroll labelled TETIEB BUNE.
There is a stone staircase leading up here.
The endoplasm closely misses you. The endoplasm freezes you.
You are frozen.
You resist.
You hit the endoplasm.
The endoplasm is moderately wounded.
The endoplasm barely misses you.
You hit the endoplasm. You bite the endoplasm.
You kill the endoplasm!
Found a stone staircase leading up.
f - a scroll labelled TETIEB BUNE An endoplasm comes into view.
Are you sure you want to abandon this character and quit the game? (Confirm with "yes".)

.....# ..... ....
... ...##
...........
....... ..#
....... #.#
#......##@#######
................
........#######
..<#....# .J
#.<..# #....#
#....# #....#
#....#


You could see an endoplasm (asleep).

Vanquished Creatures
  2 endoplasms
  A goblin (D:1)
  A hobgoblin (D:1)
  A frilled lizard (D:1)
5 creatures vanquished.

Vanquished Creatures (collateral kills)
  A rat (D:1)
1 creature vanquished.

Grand Total: 6 creatures vanquished

Notes
Turn   | Place    | Note
-------+----------+-------------------------------------------
     0 | D:1      | lobsterkj the Vampire Necromancer began the quest for the
                  | Orb.
     0 | D:1      | Reached XP level 1. HP: 13/13 MP: 3/3
   740 | D:2      | Quit the game

Illustrated notes

Levels and vault maps discovered:
D:1:      lemuel_arrival_behind_the_door_large, layout_basic
D:2:      layout_rooms, chequers_ecumenical_altar_simple_redux, uniq_sigmund

Action                     || total
---------------------------++-------
  Melee: Unarmed           ||    14
         Bite              ||     4
   Cast: Necrotise         ||     6
Ability: Exsanguinate      ||     3
         Revivify          ||     2
    Use: Scroll            ||     1
 Armour: Robe              ||     5
  Dodge: Dodged            ||     6

Table legend: (Time is in decaauts)
 A = Elapsed time spent in this place.
 B = Non-inter-level travel time spent in this place.
 C = Inter-level travel time spent in this place.
 D = Time resting spent in this place.
 E = Time spent auto-exploring this place.
 F = Levels seen in this place.
 G = Mean time per level.
                   A        B        C        D        E       F      G
               +--------+--------+--------+--------+--------+-----+--------+
         Total |    739 |    726 |     13 |      0 |    415 |   2 |  369.5 |
       Dungeon |    739 |    726 |     13 |      0 |    415 |   2 |  369.5 |
               +--------+--------+--------+--------+--------+-----+--------+

Top non-repeatable levels by time:
     D:1: 726 daAuts
     D:2: 13 daAuts
